[Event "Thursday 18 January Rapid Engine Tour 12+1 Rounds 9 Starts 1600 ST"]
[Site "Infinity Chess"]
[Date "2018.1.18"]
[Round "6"]
[White "IronMan"]
[Black "Harry_Potter"]
[Result "1/2-1/2 "]
[ECO "A00"]
[WhiteElo "2402"]
[BlackElo "2475"]
[WhiteEngine "Eman 1.58 64-bit BMI2"]
[BlackEngine "Stockfish_18011309_x64_bmi2_CTG"]
[EventType "Swiss"]
[WhiteTeam ""]
[BlackTeam ""]
[PlyCount "237"]
[TimeControl "720+1"]

1. g3 d5 2. Nf3 c5 3. Bg2 Nf6 4. O-O e6 5. d4 Nc6 6. c4 dxc4 7. Qa4 Bd7 
8. Qxc4 b5 9. Qd3 c4 10. Qc2 Be7 11. e4 O-O 12. Qe2 Rc8 13. Rd1 Na5 14. d5 exd5 
15. e5 Ne4 16. Rxd5 Nc5 17. Be3 Qe8 18. Nd4 Na6 19. Qd2 Nb4 20. Rxd7 Qxd7 
21. a3 Nb3 22. Nxb3 Qxd2 23. N3xd2 Nc2 24. Ra2 Nxe3 25. fxe3 Rfe8 26. e6 fxe6 
27. Nc3 Red8 28. Bh3 Rc6 29. Nde4 a6 30. Ra1 Kf7 31. Kf2 Bf6 32. Rc1 Ke7 
33. Rc2 Bxc3 34. Nxc3 Rc5 35. Bg2 Rf5+ 36. Ke1 h5 37. h3 Rdf8 38. Ne4 h4 
39. g4 Re5 40. Ke2 Rd8 41. Nf2 Rc8 42. Nd1 Rec5 43. Bb7 R8c7 44. Be4 a5 
45. Nc3 b4 46. Nb1 Rb5 47. a4 Rbc5 48. Nd2 g5 49. Bg6 Kf6 50. Bh7 Ke5 
51. Nf3+ Kf6 52. Be4 c3 53. b3 Rd7 54. Ke1 Rf7 55. Rf2 Kg7 56. Bc2 Rd5 
57. Ke2 Rdd7 58. Rf1 Rd5 59. e4 Rd8 60. e5 Kh6 61. Bb1 Rc8 62. Bd3 c2 
63. Rc1 Rc3 64. Nd4 Rc5 65. Rxc2 Rxe5+ 66. Kd2 Rf2+ 67. Kd1 Re3 68. Rxf2 Rxd3+ 
69. Rd2 Rxh3 70. Nxe6 Rxb3 71. Rd5 Kg6 72. Nxg5 h3 73. Nxh3 Rxh3 74. Rxa5 Rg3 
75. Rb5 b3 76. a5 Rg1+ 77. Kd2 Rxg4 78. Kc3 Kf6 79. Kxb3 Ke7 80. a6 Rg8 
81. Kb4 Kd7 82. Ka5 Kc7 83. a7 Rg1 84. a8=N+ Kd8 85. Nb6 Kc7 86. Rh5 Kc6 
87. Na4 Re1 88. Kb4 Rb1+ 89. Kc4 Rc1+ 90. Nc3 Kd6 91. Kb4 Ke6 92. Ra5 Rh1 
93. Ra8 Rh4+ 94. Kb5 Rh1 95. Ra6+ Ke5 96. Kb4 Rh8 97. Ra5+ Kd4 98. Rd5+ Ke3 
99. Ra5 Rh4+ 100. Kb3 Kd3 101. Rc5 Rh1 102. Rg5 Ke3 103. Rd5 Rh8 104. Rb5 Rf8 
105. Rb7 Rh8 106. Re7+ Kd2 107. Rd7+ Ke3 108. Ra7 Rb8+ 109. Kc4 Rc8+ 
110. Kb3 Rc5 111. Ra8 Rg5 112. Rd8 Rg1 113. Ka3 Rg4 114. Rd1 Rd4 115. Rg1 Rd2 
116. Kb3 Rh2 117. Rf1 Kd4 118. Rd1+ Ke5 119. Re1+ 1/2-1/2

[Event "Thursday 18 January Rapid Engine Tour 12+1 Rounds 9 Starts 1600 ST"]
[Site "Infinity Chess"]
[Date "2018.1.18"]
[Round "6"]
[White "NINJA_JENGKA"]
[Black "RonWeasley"]
[Result "1/2-1/2"]
[ECO "A05"]
[WhiteElo "2425"]
[BlackElo "2454"]
[WhiteEngine "Houdini 6"]
[BlackEngine "BrainFish 130117_CTG"]
[EventType "Swiss"]
[WhiteTeam ""]
[BlackTeam ""]
[PlyCount "195"]
[TimeControl "720+1"]

1. Nf3 Nf6 2. d4 d5 3. e3 e6 4. c4 c6 5. b3 c5 6. Nbd2 cxd4 7. exd4 b6 
8. Bb2 Be7 9. Bd3 O-O 10. O-O Nbd7 11. Qe2 Bb7 12. Rac1 Rc8 13. a3 Re8 
14. Ne5 dxc4 15. Bxc4 Rf8 16. h3 Nd5 17. g3 Bg5 18. Rcd1 Bh6 19. a4 Rc7 
20. f4 g6 21. Rc1 N7f6 22. Kh2 Re8 23. Ndf3 Nh5 24. Ng4 Bf8 25. Ng5 Qe7 
26. Rce1 h6 27. Nf3 Rec8 28. Bc1 a6 29. Bd2 b5 30. axb5 axb5 31. Bxb5 Rc2 
32. Bc4 Ra8 33. Bxd5 Bxd5 34. Ne3 Bxf3 35. Rxf3 Rca2 36. Qg2 Nf6 37. Re2 Qa7 
38. Nc4 Nd5 39. Rd3 Bg7 40. Qf3 Qd7 41. g4 Qc7 42. Kg2 R8a6 43. Rf2 Ne7 
44. Qe4 Qa7 45. Kh2 Qb8 46. Kg2 Bf6 47. Rdf3 Bg7 48. Ne5 Rb2 49. b4 Qa7 
50. Nc4 Rba2 51. b5 R6a4 52. b6 Qb8 53. Qd3 Qc8 54. Ne5 Rb2 55. Be3 Rab4 
56. Rxb2 Rxb2+ 57. Bf2 Qb7 58. Nc4 Rb4 59. Be1 Rb5 60. Qa3 Nc8 61. Bf2 Qd5 
62. Qa6 Ne7 63. Qa4 Bf8 64. h4 h5 65. gxh5 gxh5 66. Ne3 Qc6 67. d5 exd5 
68. Rg3+ Ng6 69. Kh2 Qxb6 70. f5 Bd6 71. fxg6 fxg6 72. Qa8+ Kf7 73. Qc8 Bxg3+ 
74. Bxg3 Rb2+ 75. Ng2 Qb7 76. Qh8 d4 77. Qh7+ Kf6 78. Qh8+ Ke6 79. Qe8+ Kf6 
80. Qh8+ Ke6 81. Qg8+ Kf5 82. Qf8+ Ke6 83. Qe8+ Kf6 84. Qf8+ Ke6 85. Qg8+ Qf7 
86. Qc8+ Qd7 87. Qg8+ Qf7 88. Qd8 Qd7 89. Qg5 Kf7 90. Be5 Qc6 91. Bxd4 Rxg2+ 
92. Qxg2 Qd6+ 93. Kg1 Qxd4+ 94. Qf2+ Qxf2+ 95. Kxf2 Ke6 96. Ke2 Kf5 97. Kf3 Ke5 
98. Ke3 1/2-1/2

[Event "Thursday 18 January Rapid Engine Tour 12+1 Rounds 9 Starts 1600 ST"]
[Site "Infinity Chess"]
[Date "2018.1.18"]
[Round "6"]
[White "neófito"]
[Black "ocirema"]
[Result "1/2-1/2"]
[ECO "B33"]
[WhiteElo "2454"]
[BlackElo "2427"]
[WhiteEngine "BrainFish_180113_x64_bmi2"]
[BlackEngine "stockfish_18011309_x64_modern_CTG"]
[EventType "Swiss"]
[WhiteTeam ""]
[BlackTeam ""]
[PlyCount "106"]
[TimeControl "720+1"]

1. e4 c5 2. Nf3 Nc6 3. d4 cxd4 4. Nxd4 Nf6 5. Nc3 e5 6. Ndb5 d6 7. Bg5 a6 
8. Na3 b5 9. Nd5 Be7 10. Bxf6 Bxf6 11. c3 Bg5 12. Nc2 O-O 13. a4 bxa4 
14. Rxa4 a5 15. h4 Bh6 16. Bc4 Kh8 17. Nce3 Rb8 18. b3 Bxe3 19. Nxe3 f5 
20. exf5 Ne7 21. h5 Nxf5 22. Nxf5 Bxf5 23. Bd5 h6 24. O-O Qb6 25. c4 Rf6 
26. Qd2 Qxb3 27. Rxa5 Be6 28. Bxe6 Rxe6 29. c5 dxc5 30. Rxc5 e4 31. Qe3 Qxe3 
32. fxe3 g6 33. hxg6 Kg7 34. Kh2 Rb3 35. Rc7+ Kxg6 36. Rc8 Rxe3 37. Rg8+ Kh7 
38. Rff8 h5 39. Rh8+ Kg6 40. Rfg8+ Kf5 41. Rxh5+ Kf6 42. Rh7 Rc3 43. Ra8 Ke5 
44. Rd8 Rc2 45. Rh4 e3 46. Rh5+ Kf6 47. Kg1 Rc1+ 48. Kh2 e2 49. Rh6+ Ke5 
50. Rxe6+ Kxe6 51. Re8+ Kd5 52. Rxe2 Kd4 53. g4 Rc3 1/2-1/2

[Event "Thursday 18 January Rapid Engine Tour 12+1 Rounds 9 Starts 1600 ST"]
[Site "Infinity Chess"]
[Date "2018.1.18"]
[Round "6"]
[White "CrapCleaner"]
[Black "Wolle"]
[Result "1/2-1/2"]
[ECO "C50"]
[WhiteElo "2435"]
[BlackElo "2460"]
[WhiteEngine "CFish_x64_130118_N_pop_720gcc_CTG"]
[BlackEngine "Raubfisch X37a2_CTG"]
[EventType "Swiss"]
[WhiteTeam ""]
[BlackTeam ""]
[PlyCount "129"]
[TimeControl "720+1"]

1. e4 e5 2. Nf3 Nc6 3. Bc4 Bc5 4. O-O Nf6 5. d3 d6 6. c3 a5 7. Bg5 Ba7 8. a4 h6 
9. Bh4 g5 10. Bg3 Ne7 11. Na3 Ng6 12. d4 Qe7 13. Re1 Nh7 14. Nd2 h5 15. h3 h4 
16. Bh2 g4 17. hxg4 h3 18. g3 exd4 19. Nb5 dxc3 20. bxc3 Bc5 21. Kh1 Bxf2 
22. Rf1 Ne5 23. Rxf2 Nxc4 24. Nxc4 Qxe4+ 25. Qf3 Qxc4 26. Re1+ Kd8 27. Re4 Qb3 
28. Nd4 Qb1+ 29. Rf1 Qa2 30. Re2 Qc4 31. Qe4 Be6 32. Nxe6+ Qxe6 33. Qxh7 Rxh7 
34. Rxe6 fxe6 35. Rf8+ Kd7 36. Rxa8 Rg7 37. Rxa5 Rxg4 38. Ra8 b6 39. Rh8 Rxa4 
40. Rxh3 c5 41. Rh4 b5 42. g4 e5 43. Kg2 Rc4 44. Rh8 Rxg4+ 45. Bg3 Kc6 
46. Kf3 Ra4 47. Rh6 Kd5 48. Be1 Rf4+ 49. Ke2 Re4+ 50. Kd1 b4 51. cxb4 cxb4 
52. Bd2 b3 53. Kc1 Rc4+ 54. Kb1 Rc2 55. Bb4 Kc4 56. Bxd6 e4 57. Rh5 e3 
58. Re5 e2 59. Rc5+ Kd3 60. Rd5+ Kc3 61. Re5 e1=Q+ 62. Rxe1 Rb2+ 63. Ka1 Ra2+ 
64. Kb1 Rb2+ 65. Ka1 1/2-1/2

[Event "Thursday 18 January Rapid Engine Tour 12+1 Rounds 9 Starts 1600 ST"]
[Site "Infinity Chess"]
[Date "2018.1.18"]
[Round "6"]
[White "KhalidOmar"]
[Black "Eman"]
[Result "1/2-1/2"]
[ECO "D30"]
[WhiteElo "2455"]
[BlackElo "2467"]
[WhiteEngine "Eman SL 1.63 64-bit BMI2"]
[BlackEngine "Eman SL 1.63 64-bit POPCNT"]
[EventType "Swiss"]
[WhiteTeam ""]
[BlackTeam ""]
[PlyCount "99"]
[TimeControl "720+1"]

1. d4 d5 2. c4 e6 3. Nf3 Nf6 4. Nc3 c6 5. Bg5 h6 6. Bxf6 Qxf6 7. e3 g6 
8. Bd3 Nd7 9. O-O dxc4 10. Bxc4 Bg7 11. e4 e5 12. d5 Nb6 13. Bb3 Bg4 
14. Re1 Bxf3 15. Qxf3 Qxf3 16. gxf3 O-O 17. dxc6 bxc6 18. Na4 Rfc8 19. Red1 Rc7 
20. Rd6 Nxa4 21. Bxa4 Bf8 22. Rxc6 Rxc6 23. Bxc6 Rb8 24. b3 Ba3 25. Bd5 Rc8 
26. Bc4 Rd8 27. Re1 Rd2 28. Re2 Rxe2 29. Bxe2 h5 30. Kg2 Bc5 31. Ba6 Kg7 
32. Kf1 h4 33. Kg2 Kf6 34. Bc4 a5 35. Bd5 Ke7 36. Kh3 Bxf2 37. a3 Bc5 
38. b4 axb4 39. axb4 Bxb4 40. Kxh4 Bc5 41. Kg4 Be3 42. h4 f6 43. Bc4 Bc5 
44. Bb3 Bb6 45. Ba2 Bg1 46. Bc4 Ba7 47. f4 exf4 48. Kxf4 Bf2 49. e5 fxe5+ 
50. Kxe5 1/2-1/2

[Event "Thursday 18 January Rapid Engine Tour 12+1 Rounds 9 Starts 1600 ST"]
[Site "Infinity Chess"]
[Date "2018.1.18"]
[Round "6"]
[White "hafaba"]
[Black "MGR"]
[Result "1-0"]
[ECO "D31"]
[WhiteElo "2475"]
[BlackElo "2478"]
[WhiteEngine "Stockfish SL 07012018 POPCNT_CTG"]
[BlackEngine "asmFishW_2017-11-19_bmi2"]
[EventType "Swiss"]
[WhiteTeam ""]
[BlackTeam ""]
[PlyCount "187"]
[TimeControl "720+1"]

1. d4 d5 2. c4 e6 3. Nc3 c6 4. e4 Bb4 5. cxd5 exd5 6. e5 c5 7. a3 Ba5 8. b4 cxb4 
9. Nb5 b3+ 10. Bd2 Nc6 11. Rb1 Nh6 12. Nd6+ Kf8 13. Nf3 Nf5 14. Nxf5 Bxf5 
15. Rxb3 h6 16. Rxb7 Kg8 17. Rb3 Bb6 18. Bd3 Bg4 19. Be2 Bxf3 20. Bxf3 Bxd4 
21. e6 fxe6 22. O-O Qd6 23. Bh5 Rf8 24. Rb7 Qe5 25. Kh1 Rxf2 26. Bg6 Qf6 
27. Rxf2 Qxg6 28. Rf1 Kh7 29. Bxh6 Kxh6 30. Qc1+ Qg5 31. Qxc6 Qe5 32. Rbf7 Kg5 
33. h3 Rh4 34. Qd7 Kh6 35. Rf8 Qe3 36. Rh8+ Kg5 37. Rxh4 Kxh4 38. Qe7+ Kh5 
39. Qb4 g6 40. a4 Qe2 41. Re1 Qf2 42. Qb1 e5 43. Qd1+ Kh6 44. Qc1+ Kg7 
45. Rf1 Qe2 46. Qc7+ Kh6 47. Qf7 Qe4 48. Qf8+ Kg5 49. Qd8+ Kh5 50. Qb8 Kg5 
51. Qd8+ Kh5 52. Qh8+ Kg5 53. Qf6+ Kh5 54. Qf7 Kg5 55. a5 Be3 56. Rd1 Bd4 
57. Qe7+ Kh6 58. Qf8+ Kh5 59. Qh8+ Kg5 60. Qd8+ Kh5 61. Qf6 Be3 62. Qh8+ Kg5 
63. Qd8+ Kh6 64. Qxd5 Qf4 65. Qd3 Bc5 66. Qe2 Qg3 67. a6 Bb6 68. Re1 Bd4 
69. Rf1 Qh4 70. Qd2+ Qg5 71. Qxg5+ Kxg5 72. g3 Kh6 73. Rf7 e4 74. Kg2 e3 
75. Kf3 Bc5 76. Rd7 g5 77. g4 Kg6 78. Rd5 e2 79. Kxe2 Bg1 80. Rd6+ Kh7 
81. Kf3 Kg7 82. Rd1 Bc5 83. Rd5 Bg1 84. Rxg5+ Kf6 85. Rb5 Bh2 86. g5+ Kg6 
87. h4 Kh5 88. Rb6 axb6 89. a7 Bd6 90. a8=Q Be7 91. Qe4 Bxg5 92. Qh7+ Bh6 
93. Qf5+ Bg5 94. Qxg5# 1-0

[Event "Thursday 18 January Rapid Engine Tour 12+1 Rounds 9 Starts 1600 ST"]
[Site "Infinity Chess"]
[Date "2018.1.18"]
[Round "6"]
[White "Katzenmaier"]
[Black "Neoxium"]
[Result "1/2-1/2"]
[ECO "B00"]
[WhiteElo "2486"]
[BlackElo "2482"]
[WhiteEngine "S_XPrO.251117.x64.POPCNT_CTG"]
[BlackEngine "SF SL FA-IDeA"]
[EventType "Swiss"]
[WhiteTeam ""]
[BlackTeam ""]
[PlyCount "111"]
[TimeControl "720+1"]

1. e4 Nc6 2. d4 d5 3. e5 Bf5 4. c3 f6 5. f4 e6 6. Nd2 Nh6 7. Nh3 Be7 8. Nf2 fxe5 
9. fxe5 O-O 10. Be2 Nb8 11. Nb3 Nd7 12. Bxh6 gxh6 13. O-O c5 14. dxc5 Qc7 
15. Bg4 Bxc5 16. Bxf5 Rxf5 17. Nd4 Bxd4 18. cxd4 Raf8 19. Qd3 Qb6 20. Qc3 Qd8 
21. Ng4 Rxf1+ 22. Rxf1 Rxf1+ 23. Kxf1 h5 24. Nf2 Nf8 25. g3 Ng6 26. Kg2 Ne7 
27. Nh3 Qf8 28. Qb4 Qf5 29. Nf2 h4 30. Qxe7 h3+ 31. Kf1 Qb1+ 32. Ke2 Qxb2+ 
33. Kf3 Qc3+ 34. Kg4 Qxd4+ 35. Kf3 Qc3+ 36. Kf4 Qd2+ 37. Kf3 Qc3+ 38. Kg4 Qd4+ 
39. Kxh3 Qxf2 40. Qxe6+ Qf7 41. Qg4+ Kf8 42. Qc8+ Kg7 43. Qg4+ Qg6 44. Kh4 Qxg4+ 
45. Kxg4 Kg6 46. Kf4 b5 47. g4 a5 48. e6 Kf6 49. e7 Kxe7 50. Ke5 a4 51. Kxd5 b4 
52. Kc4 b3 53. axb3 axb3 54. Kxb3 Kf6 55. h3 Kg5 56. Ka2 1/2-1/2

[Event "Thursday 18 January Rapid Engine Tour 12+1 Rounds 9 Starts 1600 ST"]
[Site "Infinity Chess"]
[Date "2018.1.18"]
[Round "6"]
[White "Marsell"]
[Black "Gilgamesch"]
[Result "1/2-1/2"]
[ECO "C53"]
[WhiteElo "2496"]
[BlackElo "2506"]
[WhiteEngine "asmFishW_2018-01-11_popcnt"]
[BlackEngine "BrainFish_171005_x64_bmi2"]
[EventType "Swiss"]
[WhiteTeam ""]
[BlackTeam ""]
[PlyCount "55"]
[TimeControl "720+1"]

1. e4 e5 2. Nf3 Nc6 3. Bc4 Bc5 4. c3 Nf6 5. d3 a5 6. O-O d6 7. Bg5 h6 8. Bh4 g5 
9. Bg3 O-O 10. a4 Kg7 11. Nbd2 Ba7 12. Re1 Ng8 13. Nf1 h5 14. h3 Nh6 15. d4 g4 
16. Bh4 Qe8 17. Ng3 f6 18. Nh2 Kh8 19. Rc1 Qg6 20. Bd5 gxh3 21. Qxh5 Ne7 
22. Bb3 Qg7 23. gxh3 Ng6 24. Kh1 Nf4 25. Qf3 Ng6 26. Qh5 Nf4 27. Qf3 Ng6 28. Qh5 
1/2-1/2

[Event "Thursday 18 January Rapid Engine Tour 12+1 Rounds 9 Starts 1600 ST"]
[Site "Infinity Chess"]
[Date "2018.1.18"]
[Round "6"]
[White "Vimtiroba"]
[Black "xeonrocks"]
[Result "1/2-1/2"]
[ECO "C55"]
[WhiteElo "2508"]
[BlackElo "2527"]
[WhiteEngine "SF@Infinity_CTG"]
[BlackEngine "asmFishW_CTG"]
[EventType "Swiss"]
[WhiteTeam ""]
[BlackTeam ""]
[PlyCount "230"]
[TimeControl "720+1"]

1. e4 e5 2. Nf3 Nc6 3. Bc4 Nf6 4. d3 Bc5 5. c3 a5 6. O-O d6 7. Re1 O-O 8. h3 h6 
9. Nbd2 Be6 10. Bb5 Qb8 11. Nf1 Qa7 12. Be3 Bxe3 13. Nxe3 Ne7 14. Bc4 a4 
15. Bxe6 fxe6 16. b4 Ng6 17. Rc1 Rf7 18. Nf1 Raf8 19. Re3 Qa8 20. a3 Nf4 
21. d4 b5 22. N1d2 exd4 23. cxd4 g5 24. Ne1 Kh8 25. Qc2 Qe8 26. Nd3 Rg7 
27. Rce1 Qg6 28. f3 h5 29. Rf1 Rfg8 30. Rf2 Nd7 31. Qc3 Qh6 32. Nf1 Nb6 
33. Re1 Nc4 34. Ne3 d5 35. Nc5 Re7 36. Ref1 Qf6 37. Ra2 c6 38. Rc2 Rf7 
39. Kh1 Rgg7 40. Rcf2 Kg8 41. Kg1 Qh6 42. Qc1 Qf6 43. Nc2 Re7 44. e5 Qf5 
45. Ne1 Ref7 46. Kh2 Rf8 47. Qc3 Re7 48. Rh1 Ref7 49. Rg1 Kh8 50. Rgf1 Qg6 
51. Qc1 Qf5 52. Rh1 Ng6 53. Qc3 Rg8 54. Rhf1 Re7 55. g3 h4 56. g4 Qf4+ 
57. Kh1 Ne3 58. Ng2 Nxg2 59. Rxg2 Rf8 60. Kg1 Qf7 61. Nd3 Nf4 62. Nxf4 Qxf4 
63. Qd3 Rb7 64. Kh1 Kg7 65. Qc3 Rff7 66. Kg1 Kf8 67. Rff2 Rbc7 68. Rf1 Ke7 
69. Kf2 Qe4 70. Re1 Qf4 71. Rf1 Rf8 72. Ke2 Kf7 73. Kf2 Kg7 74. Kg1 Rb7 
75. Qd3 c5 76. dxc5 Rbf7 77. Kh1 Kh6 78. Qxb5 Qe3 79. Qe2 Qxa3 80. Qa6 Re7 
81. Qd6 Ree8 82. Rgf2 Qxb4 83. c6 Qf4 84. c7 a3 85. Qxa3 Qxe5 86. Rc1 d4 
87. Rc6 Ra8 88. Qd6 Qxd6 89. Rxd6 Rf7 90. Rxe6+ Kh7 91. Rc6 Rc8 92. Rd6 Rcxc7 
93. Rxd4 Rc1+ 94. Kg2 Kg7 95. f4 gxf4 96. Rdxf4 Rxf4 97. Rxf4 Rc2+ 98. Rf2 Rc1 
99. Rd2 Rc3 100. Rb2 Rc1 101. Rb3 Ra1 102. Rb7+ Kf6 103. Rb3 Ra8 104. Kf3 Ra1 
105. Re3 Rb1 106. Ra3 Rf1+ 107. Ke4 Rd1 108. Ra6+ Kg5 109. Ra5+ Kf6 110. Rh5 Ra1 
111. Rxh4 Kg7 112. Rh5 Ra3 113. Kf4 Kg6 114. Rh8 Kg7 115. Rh5 Kg6 1/2-1/2

[Event "Thursday 18 January Rapid Engine Tour 12+1 Rounds 9 Starts 1600 ST"]
[Site "Infinity Chess"]
[Date "2018.1.18"]
[Round "5"]
[White "Satria_Ungu"]
[Black "ivrdurant"]
[Result "1/2-1/2"]
[ECO "E40"]
[WhiteElo "2379"]
[BlackElo "2402"]
[WhiteEngine "Houdini 6_CTG"]
[BlackEngine "Raubfisch X37b3._CTG"]
[EventType "Swiss"]
[WhiteTeam ""]
[BlackTeam ""]
[PlyCount "82"]
[TimeControl "720+1"]

1. d4 Nf6 2. c4 e6 3. Nc3 Bb4 4. e3 O-O 5. Nf3 d5 6. Bd3 c5 7. O-O dxc4 
8. Bxc4 Nbd7 9. a3 Ba5 10. Qe2 a6 11. Bd3 b5 12. b4 cxd4 13. Nxb5 axb5 
14. bxa5 dxe3 15. Bxe3 Qxa5 16. Nd4 Bb7 17. Bxb5 Ba6 18. a4 Nd5 19. h3 Rfc8 
20. Rfb1 Bxb5 21. axb5 Qxa1 22. Rxa1 Rxa1+ 23. Kh2 N7b6 24. Nxe6 fxe6 
25. Bxb6 Nxb6 26. Qxe6+ Kh8 27. Qxb6 Raa8 28. f3 Rab8 29. Qe6 Rc5 30. b6 Rb5 
31. h4 R5xb6 32. Qf5 h6 33. g3 Ra8 34. g4 Rb2+ 35. Kg3 Rb3 36. h5 Re3 
37. g5 hxg5 38. h6 gxh6 39. Qg6 Raa3 40. Qxh6+ Kg8 41. Qxg5+ Kf7 1/2-1/2

[Event "Thursday 18 January Rapid Engine Tour 12+1 Rounds 9 Starts 1600 ST"]
[Site "Infinity Chess"]
[Date "2018.1.18"]
[Round "5"]
[White "star99"]
[Black "BraveDevil"]
[Result "1/2-1/2"]
[ECO "A50"]
[WhiteElo "2397"]
[BlackElo "2367"]
[WhiteEngine "Cryptic AIL V1"]
[BlackEngine "Cryptic AIL V1"]
[EventType "Swiss"]
[WhiteTeam ""]
[BlackTeam ""]
[PlyCount "70"]
[TimeControl "720+1"]

1. d4 Nf6 2. c4 c6 3. Nc3 d5 4. Nf3 e6 5. Bg5 h6 6. Bh4 dxc4 7. e4 b5 8. e5 g5 
9. Nxg5 hxg5 10. Bxg5 Nbd7 11. exf6 Bb7 12. h4 Qa5 13. a4 b4 14. Ne4 Nb6 
15. f3 O-O-O 16. Rc1 c5 17. Bxc4 Rxd4 18. Nd2 Nxc4 19. Rxc4 Rd5 20. Rg4 Ba6 
21. Qc1 Bd3 22. Nc4 Qxa4 23. Ne3 Rd8 24. Kf2 Kb7 25. Bf4 Rd4 26. Rd1 Qb3 
27. g3 Rh5 28. Rg8 e5 29. Bg5 Bd6 30. Rd8 Qe6 31. g4 Rh7 32. Nc2 Rd5 33. Ne3 Rd4 
34. Nc2 Rd5 35. Ne3 Rd4 1/2-1/2

[Event "Thursday 18 January Rapid Engine Tour 12+1 Rounds 9 Starts 1600 ST"]
[Site "Infinity Chess"]
[Date "2018.1.18"]
[Round "5"]
[White "OlivierEvan"]
[Black "Zor"]
[Result "1/2-1/2"]
[ECO "A15"]
[WhiteElo "2396"]
[BlackElo "2432"]
[WhiteEngine "Houdini 6"]
[BlackEngine "Cryptic AIL V1"]
[EventType "Swiss"]
[WhiteTeam ""]
[BlackTeam ""]
[PlyCount "97"]
[TimeControl "720+1"]

1. c4 Nf6 2. Nf3 g6 3. d4 Bg7 4. Nc3 d5 5. cxd5 Nxd5 6. e4 Nxc3 7. bxc3 c5 
8. Rb1 O-O 9. Be2 Nc6 10. d5 Ne5 11. Nxe5 Bxe5 12. Qd2 e6 13. f4 Bg7 14. c4 Re8 
15. e5 f6 16. d6 fxe5 17. Bb2 exf4 18. Bxg7 Kxg7 19. O-O Rf8 20. Rxf4 Rxf4 
21. Qxf4 Qf6 22. Qd2 b6 23. d7 Bb7 24. Rf1 Qd4+ 25. Qxd4+ cxd4 26. Bg4 d3 
27. Bxe6 d2 28. Rd1 Rd8 29. Rxd2 Kf6 30. Bh3 Ke7 31. Re2+ Kf8 32. c5 Bc6 
33. Rf2+ Ke7 34. cxb6 axb6 35. Rb2 Bxd7 36. Bxd7 Rxd7 37. Rxb6 Rd1+ 38. Kf2 Rd2+ 
39. Kg3 Rxa2 40. Rb7+ Kf6 41. Rxh7 Ra3+ 42. Kf2 g5 43. Rh6+ Kf5 44. h3 g4 
45. Rh5+ Kg6 46. hxg4 Ra2+ 47. Kg3 Ra3+ 48. Kh4 Ra2 49. Kh3 1/2-1/2

[Event "Thursday 18 January Rapid Engine Tour 12+1 Rounds 9 Starts 1600 ST"]
[Site "Infinity Chess"]
[Date "2018.1.18"]
[Round "5"]
[White "Thinker"]
[Black "Dovahkiin"]
[Result "1/2-1/2"]
[ECO "B90"]
[WhiteElo "2449"]
[BlackElo "2420"]
[WhiteEngine "BrainFish_180113_x64_modern_CTG"]
[BlackEngine "BrainFish_180113_x64_modern_CTG"]
[EventType "Swiss"]
[WhiteTeam ""]
[BlackTeam ""]
[PlyCount "76"]
[TimeControl "720+1"]

1. e4 c5 2. Nf3 d6 3. d4 cxd4 4. Nxd4 Nf6 5. Nc3 a6 6. Be3 e5 7. Nb3 Be6 
8. h3 Be7 9. f4 Nc6 10. f5 Bxb3 11. axb3 Nb4 12. g3 d5 13. exd5 Qc7 14. d6 Bxd6 
15. Nb5 Nxc2+ 16. Ke2 Qc6 17. Nxd6+ Ke7 18. Rc1 Nxe3 19. Rxc6 Nxd1 20. Nxb7 Rhb8 
21. Rc7+ Kf8 22. Kxd1 Ra7 23. Bc4 Raxb7 24. Rxb7 Rxb7 25. Re1 Nd7 26. Kc2 Rb6 
27. Ra1 Nb8 28. Kc3 Rf6 29. g4 Rh6 30. Bf1 Rc6+ 31. Kd2 Rb6 32. Ra3 Ke7 
33. Bc4 Rd6+ 34. Ke3 Rh6 35. Bf1 Rb6 36. Bc4 Rh6 37. Bf1 Rb6 38. Bc4 Rh6 1/2-1/2

[Event "Thursday 18 January Rapid Engine Tour 12+1 Rounds 9 Starts 1600 ST"]
[Site "Infinity Chess"]
[Date "2018.1.18"]
[Round "5"]
[White "angriff"]
[Black "KULLANI"]
[Result "1/2-1/2"]
[ECO "C50"]
[WhiteElo "2453"]
[BlackElo "2451"]
[WhiteEngine "Raubfisch ME262_GTZ16b2_CTG"]
[BlackEngine "BrainFish_180113_x64_CTG"]
[EventType "Swiss"]
[WhiteTeam ""]
[BlackTeam ""]
[PlyCount "101"]
[TimeControl "720+1"]

1. e4 e5 2. Nf3 Nc6 3. Bc4 Bc5 4. d3 Nf6 5. O-O O-O 6. Re1 a5 7. c3 d6 
8. Nbd2 h6 9. Nf1 a4 10. Ng3 Ra5 11. h3 b5 12. b4 axb3 13. Bxb3 Be6 14. Rb1 Bb6 
15. d4 exd4 16. cxd4 d5 17. e5 Ne4 18. Bxh6 gxh6 19. Nxe4 dxe4 20. Rxe4 Bf5 
21. Rf4 Bg6 22. Rc1 Ne7 23. Nh4 c5 24. d5 c4 25. d6 cxb3 26. Qxb3 Kg7 
27. dxe7 Qxe7 28. Rc6 Bxf2+ 29. Kxf2 Qa7+ 30. Kf1 Rxa2 31. Nxg6 Ra1+ 
32. Ke2 Ra2+ 33. Kf1 Ra1+ 34. Ke2 Ra2+ 35. Rc2 Rxc2+ 36. Qxc2 fxg6 37. Rxf8 Kxf8 
38. g3 Kg7 39. Qc6 b4 40. Qf6+ Kh7 41. Kd3 Qc5 42. Qf7+ Kh8 43. Qxg6 Qc3+ 
44. Ke2 Qxe5+ 45. Kd3 b3 46. Qxh6+ Kg8 47. Qg6+ Kf8 48. Qh6+ Ke7 49. Qh4+ Ke6 
50. Qc4+ Kd7 51. Qxb3 1/2-1/2

[Event "Thursday 18 January Rapid Engine Tour 12+1 Rounds 9 Starts 1600 ST"]
[Site "Infinity Chess"]
[Date "2018.1.18"]
[Round "5"]
[White "NINJA_JENGKA"]
[Black "IronMan"]
[Result "1/2-1/2"]
[ECO "A06"]
[WhiteElo "2426"]
[BlackElo "2401"]
[WhiteEngine "Houdini 6"]
[BlackEngine "Eman 1.58 64-bit BMI2"]
[EventType "Swiss"]
[WhiteTeam ""]
[BlackTeam ""]
[PlyCount "128"]
[TimeControl "720+1"]

1. Nf3 d5 2. d4 Nf6 3. e3 e6 4. c4 b6 5. Nbd2 Nbd7 6. Bd3 Bb7 7. b3 dxc4 
8. bxc4 Bd6 9. Bb2 c5 10. O-O O-O 11. Qe2 Qc7 12. Rae1 Qc6 13. e4 cxd4 
14. Nxd4 Qc8 15. Bc2 Bf4 16. N2f3 Rd8 17. e5 Ne8 18. h4 a6 19. Ng5 Nf8 
20. g3 Bxg5 21. hxg5 b5 22. cxb5 axb5 23. Rc1 Qd7 24. Bb3 b4 25. Rfd1 Qe7 
26. f4 Nc7 27. Qe1 Rac8 28. Kh2 Ne8 29. Qe2 Rxc1 30. Rxc1 Ng6 31. Rc2 Ba8 
32. Nc6 Bxc6 33. Rxc6 Qb7 34. Qa6 Qd7 35. Bc1 Ne7 36. Rc2 h6 37. gxh6 Nf5 
38. Rd2 Qc7 39. Rxd8 Qxd8 40. Qe2 Nxh6 41. Bc2 Qc8 42. Qd2 Ng4+ 43. Kh3 f5 
44. exf6 Nexf6 45. Bd1 Ne4 46. Qc2 Nef2+ 47. Kg2 Qe8 48. Bf3 Qh5 49. Qc8+ Kh7 
50. Bxg4 Nxg4 51. Qxe6 Qh2+ 52. Kf3 Nf6 53. Be3 Qh1+ 54. Ke2 Qg2+ 55. Kd3 Qxg3 
56. Kc4 Qf3 57. f5 Qe2+ 58. Kxb4 Qd3 59. Bb6 Nd5+ 60. Kc5 Nxb6 61. Qxb6 Qxf5+ 
62. Kc4 Qc2+ 63. Kd5 Qxa2+ 64. Ke4 Qe2+ 1/2-1/2

[Event "Thursday 18 January Rapid Engine Tour 12+1 Rounds 9 Starts 1600 ST"]
[Site "Infinity Chess"]
[Date "2018.1.18"]
[Round "5"]
[White "CrapCleaner"]
[Black "ocirema"]
[Result "1/2-1/2"]
[ECO "C50"]
[WhiteElo "2435"]
[BlackElo "2427"]
[WhiteEngine "Raubfisch ME262_GTZ16b3._CTG"]
[BlackEngine "stockfish_18011309_x64_modern_CTG"]
[EventType "Swiss"]
[WhiteTeam ""]
[BlackTeam ""]
[PlyCount "106"]
[TimeControl "720+1"]

1. e4 e5 2. Nf3 Nc6 3. Bc4 Bc5 4. O-O Nf6 5. d3 O-O 6. c3 d6 7. Bg5 h6 8. Bh4 a5 
9. a4 Be6 10. Nbd2 Qe7 11. Re1 g5 12. Bg3 Ne8 13. Bxe6 fxe6 14. Nc4 Qf7 
15. Qb3 Rb8 16. Rf1 Nf6 17. Qb5 Qe7 18. Nxa5 Nxa5 19. Qxa5 c6 20. c4 g4 
21. Nd2 Nd7 22. Kh1 h5 23. f3 Bd4 24. Nb3 h4 25. Bf2 Bxf2 26. Rxf2 Rf7 
27. Re2 Rbf8 28. Qe1 Qf6 29. Nd2 Nc5 30. Ra3 Qh6 31. Kg1 gxf3 32. Nxf3 h3 
33. b4 Na6 34. d4 exd4 35. e5 d5 36. cxd5 cxd5 37. Rd3 Qg6 38. Qg3 Qxg3 
39. hxg3 Nxb4 40. Rxd4 Nc6 41. Rg4+ Rg7 42. Rxg7+ Kxg7 43. Rb2 Rf7 44. Rb6 hxg2 
45. Kxg2 Kf8 46. Ng5 Re7 47. g4 Nxe5 48. Nxe6+ Ke8 49. Nc5 Nxg4 50. Nxb7 Ne5 
51. Nd6+ Kd7 52. a5 Nc4 53. Nxc4 dxc4 1/2-1/2

[Event "Thursday 18 January Rapid Engine Tour 12+1 Rounds 9 Starts 1600 ST"]
[Site "Infinity Chess"]
[Date "2018.1.18"]
[Round "5"]
[White "Wolle"]
[Black "neófito"]
[Result "1/2-1/2"]
[ECO "C55"]
[WhiteElo "2460"]
[BlackElo "2454"]
[WhiteEngine "Raubfisch X37a2_CTG"]
[BlackEngine "BrainFish_180113_x64_bmi2"]
[EventType "Swiss"]
[WhiteTeam ""]
[BlackTeam ""]
[PlyCount "82"]
[TimeControl "720+1"]

1. e4 e5 2. Nf3 Nc6 3. Bc4 Nf6 4. d3 Bc5 5. c3 a5 6. O-O d6 7. Bg5 O-O 8. Re1 h6 
9. Bh4 g5 10. Bg3 g4 11. Bh4 gxf3 12. Qxf3 Kg7 13. Nd2 Be6 14. Rad1 Bxc4 
15. Nxc4 Qe7 16. d4 exd4 17. Qg3+ Kh7 18. Qf4 Qe6 19. Bxf6 dxc3 20. Bxc3 f5 
21. e5 d5 22. Nd2 Rad8 23. Nb3 b6 24. Nc1 Ne7 25. Bd2 Rg8 26. Nd3 Rg4 
27. Qf3 Ng6 28. Nxc5 bxc5 29. Qh3 Ne7 30. f3 Rg6 31. Bxa5 d4 32. Bxc7 Rdg8 
33. g3 Qc6 34. Bd6 Qxf3 35. Bxe7 Rxg3+ 36. Qxg3 Rxg3+ 37. hxg3 Qxg3+ 
38. Kf1 Qf3+ 39. Kg1 Qg3+ 40. Kf1 Qf3+ 41. Kg1 Qg3+ 1/2-1/2